 Dungeon Crawl Stone Soup version 0.23.0 (webtiles) character file.

Game seed: 1137570036354922595

77 Sotto the Gusty (level 4, -5/24 HPs)
             Began as a Tengu Air Elementalist on Feb 9, 2019.
             Slain by an orc warrior
             ... wielding a +0 dire flail
              (16 damage)
             ... on level 3 of the Dungeon.
             The game lasted 00:08:55 (2816 turns).

Sotto the Gusty (Tengu Air Elementalist)            Turns: 2816, Time: 00:08:58

Health: -5/24      AC:  4    Str:  9    XL:     4   Next: 33%
Magic:  2/8        EV: 13    Int: 15    God:
Gold:   155        SH:  0    Dex: 15    Spells: 1/7 levels left

rFire    . . .     SeeInvis .   (no weapon)
rCold    . . .     Gourm    .   (no shield)
rNeg     . . .     Faith    .   a - +0 robe
rPois    .         Spirit   .   (helmet restricted)
rElec    .         Reflect  .   m - +0 cloak
rCorr    .         Harm     .   o - +0 pair of gloves
MR       .....                  (boots unavailable)
Stlth    ++........             (no amulet)
HPRegen  0.08/turn              (no ring)
MPRegen  0.11/turn              (no ring)

@: lightly drained
A: beak, talons 3
a: no special abilities


You were on level 3 of the Dungeon.
You were not hungry.

You visited 1 branch of the dungeon, and saw 3 of its levels.

You collected 155 gold pieces.

Inventory:

Hand Weapons
 g - a +1 dagger of speed
 l - a +3 quarterstaff of chaos
Armour
 a - a +0 robe (worn)
 e - a +0 leather armour
 m - a +0 cloak (worn)
 o - a +0 pair of gloves (worn)
Scrolls
 d - a scroll of identify {unknown}
 f - a scroll of amnesia {unknown}
 h - 4 scrolls of blinking {unknown}
 j - a scroll of random uselessness {unknown}
 k - a scroll of immolation {unknown}
 q - a scroll of enchant armour {unknown}
Potions
 b - a potion of heal wounds {unknown}
 i - a potion of haste {unknown}
 p - a potion of brilliance {unknown}
Comestibles
 c - 3 rations


   Skills:
 + Level 1.4(1.3) Armour
 + Level 3.1 Dodging
 - Level 2.0(1.9) Stealth
 - Level 2.0(1.9) Spellcasting
 + Level 2.9 Conjurations
 + Level 4.9(4.8) Air Magic


You had one spell level left.
You knew the following spells:

 Your Spells              Type           Power        Failure   Level  Hunger
a - Shock                 Conj/Air       ##..         4%          1    ##.....
b - Swiftness             Chrm/Air       #.......     13%         2    ###....
c - Static Discharge      Conj/Air       ##......     14%         3    ####...

Your spell library contained the following spells:

 Spells                   Type           Power        Failure   Level  Hunger
 Airstrike                Air            ###.......   30%         4    #####..
 Lightning Bolt           Conj/Air       ##........   77%         5    ######.


Dungeon Overview and Level Annotations

Branches:
Dungeon (3/15)

Altars:

Annotations:
D:3 Grinder


Innate Abilities, Weirdness & Mutations

You have a beak for a mouth.
You have claws for feet.


Message History

You are now empty-handed.
Casting: Static Discharge (safe; 14% risk of failure)
Confirm with . or Enter, or press ? or * to list all spells.
You don't have enough magic to cast that spell.
Sorry, you're not good enough to have a special ability.
The orc wields a +0 hunting sling.
The orc shoots a stone.
The stone hits you but does no damage.
All of the chunks of flesh in your inventory have rotted away.
The orc shouts!
Casting: Static Discharge (safe; 14% risk of failure)
Confirm with . or Enter, or press ? or * to list all spells.
Aiming: Shock (safe; 4% risk of failure)
Press: ? - help, Shift-Dir - straight line, p - orc warrior The zap hits the orc warrior.
The orc warrior is severely wounded.
The zap hits the orc warrior.
The orc warrior is severely wounded.
The orc warrior hits you with a +0 dire flail!
Ouch! That really hurt!
You die...

####.....##.## #.......
###...##..# ###.o###
##......########(####
#(####....)...#.#... ######## #)#
######......... ...[...# #.#
###<...#...
.......#######.########..........
....>...รท........o...oo.#.####...
.......#####....@#######..# #...
..)....# #..#...#......## #...
.......# ##........##### #<..
##..#### #####......#######.##
##.## ####...#..........# #..#
###....#.)..#####...# ##.#
##...#####.#..###..#..# #.####
#..### #..#.##..###.. #....###.###
##.#....###...


You could see an orc warrior and 2 orcs.

Vanquished Creatures
  Crazy Yiuf (D:2)
  An adder (D:2)
  A dart slug (D:1)
  An orc (D:3)
  6 bats
  A giant cockroach (D:1)
  4 goblins
  6 hobgoblins
  3 jackals (D:3)
  4 kobolds
  2 quokkas (D:2)
  4 frilled lizards
  2 rats (D:2)
36 creatures vanquished.

Notes
Turn   | Place    | Note
-------+----------+-------------------------------------------
     0 | D:1      | Sotto the Tengu Air Elementalist began the quest for the
                  | Orb.
     0 | D:1      | Reached XP level 1. HP: 10/10 MP: 4/4
   238 | D:1      | Reached XP level 2. HP: 12/15 MP: 1/6
   493 | D:1      | Learned a level 2 spell: Swiftness
   950 | D:2      | Found a runed translucent door.
   951 | D:2      | Noticed Crazy Yiuf
  1255 | D:2      | Reached XP level 3. HP: 19/19 MP: 3/7
  1317 | D:2      | Learned a level 3 spell: Static Discharge
  1675 | D:2      | Found a faded altar of an unknown god.
  2155 | D:2      | Killed Crazy Yiuf
  2155 | D:2      | Reached skill level 1 in Armour
  2155 | D:2      | Reached XP level 4. HP: 5/24 MP: 1/8
  2696 | D:3      | Noticed Grinder
  2785 | D:3      | Noticed an orc warrior
  2816 | D:3      | Slain by an orc warrior

Skill      XL: |  1  2  3 |
---------------+----------+-----
Conjurations   | 2 |  2.9
Armour         | 1 |  1.4
Dodging        | 3 |  3.1
Stealth        | |  2.0
Spellcasting   | |  2.0
Air Magic      | |  4.9

Action                   |  1- 3 |  4- 6 || total
-------------------------+-------+-------++-------
Melee: Dagger            |     2 |     2 ||     4
       Peck              |     2 |       ||     2
       Kick              |       |     1 ||     1
 Cast: Shock             |    62 |    17 ||    79
       Static Discharge  |     1 |     3 ||     4
  Eat: Chunk             |     2 |     2 ||     4
       Ration            |     1 |       ||     1
Armor: Robe              |     3 |     1 ||     4
Dodge: Dodged            |    14 |     6 ||    20
